 Dungeon Crawl Stone Soup version 0.30-a0-924-g0ad0bf95bc (webtiles) character file.

Game seed: 4203126764971729603

215 Pimp the Insei (level 5, -1/35 HPs)
             Began as an Octopode Transmuter on Mar 22, 2023.
             Slain by Ijyb
             ... wielding a +0 club
              (5 damage)
             ... on level 4 of the Dungeon.
             The game lasted 00:07:22 (2530 turns).

Pimp the Insei (Octopode Transmuter)                Turns: 2530, Time: 00:07:23

Health: -1/35      AC:  1    Str: 10    XL:     5   Next: 92%
Magic:  9/9        EV: 11    Int: 17    God:
Gold:   222        SH:  9    Dex: 12    Spells: 8/9 levels left

rFire   . . .      SeeInvis .    g - +2 rapier
rCold   . . .      Faith    .    c - +3 kite shield
rNeg    . . .      Spirit   .    (helmet restricted)
rPois   .          Reflect  .    (no amulet)
rElec   .          Rampage  .    (no ring)
rCorr   .                        (no ring)
Will    .....                    (no ring)
Stlth   +++                      (no ring)
HPRegen 0.25/turn                (no ring)
MPRegen 0.11/turn                (no ring)
                                 (no ring)
                                 (no ring)

@: no status effects
A: almost no armour, amphibious, 8 rings, camouflage 1, gelatinous body 1,
(nimble swimmer 1), tentacles
a: no special abilities


You were on level 4 of the Dungeon.
You visited 1 branch of the dungeon, and saw 4 of its levels.

You collected 222 gold pieces.

Inventory:

Hand Weapons
 g - a +2 rapier (weapon)
Armour
 c - a +3 kite shield (worn)
Jewellery
 f - a ring of ice
Potions
 a - a potion of lignification
 e - 3 potions of curing
 h - a potion of cancellation


   Skills:
 + Level 2.4 Fighting
 + Level 0.0 Short Blades
 + Level 3.0 Dodging
 + Level 2.0 Stealth
 * Level 0.2 Shields
 + Level 3.8 Unarmed Combat
 + Level 2.8 Spellcasting
 + Level 3.0 Transmutations


You had 8 spell levels left.
You knew the following spells:

 Your Spells              Type           Power      Damage    Failure   Level
a - Beastly Appendage     Tmut           24%        N/A       19%         1

Your spell library contained the following spells:

 Spells                   Type           Power      Damage    Failure   Level
 Wereblood                Tmut           12%        N/A       26%         2
 Spider Form              Tmut/Pois      7%         N/A       69%         3
 Ice Form                 Ice/Tmut       7%         N/A       97%         4


Dungeon Overview and Level Annotations

Branches:
Dungeon (4/15)
 Temple: D:4-7

Altars:

Annotations:
D:4 Ijyb, Robin


Innate Abilities, Weirdness & Mutations

You cannot wear most types of armour.
You are amphibious.
You can wear up to eight rings at the same time.
Your skin changes colour to match your surroundings (Stealth+).
Your rubbery body absorbs attacks. (AC +1, EV +1)
((You are camouflaged when in or above water. (Stealth+)))
You have tentacles for arms and can constrict up to eight enemies at once.


Message History

An orc priest comes into view. It is wielding a +0 dagger.
The goblin hits you with a +0 club.
You barely miss Ijyb. Your grab misses Ijyb.
Your tentacle spike misses Ijyb.
You block the hobgoblin's attack. You block Ijyb's attack.
The goblin hits you with a +0 club. The goblin hits you but does no damage.
Robin hits you from afar with a +0 spear.
The goblin hits you with a +0 club. You block the goblin's attack.
The hobgoblin closely misses you.
The orc priest looks encouraged for a moment.
Ijyb misses you.
The orc wizard mumbles some strange words.
The orc wizard flickers and vanishes!
Deactivating autopickup; reactivate with Ctrl-A.
A hobgoblin comes into view.
You barely miss Ijyb.
The hobgoblin shouts!
You grab Ijyb. You constrict Ijyb, but do no damage.
The orc priest looks braver for a moment.
You block the hobgoblin's attack. Ijyb hits you with a +0 club.
Robin closely misses you. The goblin hits you with a +0 club. x2
* * * LOW HITPOINT WARNING * * *
You hit Ijyb but do no damage.
You pierce Ijyb!
Your squeeze misses Ijyb.
Ijyb is moderately wounded.
You constrict Ijyb, but do no damage. You block the hobgoblin's attack.
Ijyb closely misses you.
Robin roars a battlecry!
The hobgoblin goes into a battle-frenzy!
The goblin closely misses you. x2
You hit Ijyb but do no damage.
Ijyb is moderately wounded.
Your tentacle spike disappears.
You constrict Ijyb, but do no damage. Ijyb completely misses you.
The hobgoblin completely misses you. You block Robin's attack.
You block the goblin's attack. The goblin hits you with a +0 club.
* * * LOW HITPOINT WARNING * * *
The goblin barely misses you.
Robin hits you from afar with a +0 spear.
* * * LOW HITPOINT WARNING * * *
You block the hobgoblin's attack. Ijyb hits you with a +0 club.
You die...

...(........#
......#
............#
.......#
............#
.......#
##....####..#
.......## #....#
#..####.......#
.......
#.....#.......+
.......
#.....#.......#
#.....ggg.....#
#.....#@g.....#
#..g..#.......#
#..S$.g.......#
....(....o#...g...#
.....gg.o.#.......#
.....$.g..#.......#
....o....g........+
#.........#.......#
.#....gg..#>......#


You could see Ijyb (strong), Robin, an orc priest, an orc, 3 hobgoblins and 2
goblins.

Vanquished Creatures
  A black bear (D:3)
  6 adders
  An ufetubus (D:4)
  A worm (D:2)
  2 dart slugs
  An orc (D:3)
  4 ball pythons
  5 endoplasms
  3 giant cockroaches
  4 goblins
  6 hobgoblins
  3 jackals (D:3)
  2 quokkas
  6 bats
  4 frilled lizards
  4 kobolds
  6 rats
59 creatures vanquished.

Notes
Turn   | Place    | Note
-------+----------+-------------------------------------------
     0 | D:1      | Pimp the Octopode Transmuter began the quest for the Orb.
     0 | D:1      | Reached XP level 1. HP: 13/13 MP: 3/3
   169 | D:1      | Reached XP level 2. HP: 18/18 MP: 5/5
   648 | D:2      | Reached XP level 3. HP: 13/23 MP: 6/6
   918 | D:2      | Reached XP level 4. HP: 15/29 MP: 5/7
  1731 | D:3      | Noticed a black bear
  1762 | D:3      | Killed a black bear
  1763 | D:3      | Reached skill level 1 in Stealth
  1763 | D:3      | Reached XP level 5. HP: 6/34 MP: 6/9
  1998 | D:3      | Identified the +2 robe "Toryha" {Fly Str-3 SInv Stlth+}
  2514 | D:4      | Noticed Ijyb
  2516 | D:4      | Noticed Robin
  2530 | D:4      | Slain by Ijyb

Illustrated notes

Levels and vault maps discovered:
D:1:      ncdulo_wetmaze, layout_basic, chequers_serial_rivers_room_a
D:2:      layout_basic, minmay_fountain_box
D:3:      layout_loops_ring
D:4:      layout_gridville, nicolae_goblin_pals

Skill      XL: |  1  2  3  4  5 |
---------------+----------------+-----
Fighting       | 2 |  2.4
Stealth        | 1 2 |  2.0
Dodging        | 3 |  3.0
Transmutations | 3 |  3.0
Shields        | |  0.2
Unarmed Combat | |  3.8
Spellcasting   | |  2.8

Action                     |  1- 3 |  4- 6 || total
---------------------------+-------+-------++-------
  Melee: Unarmed           |    55 |    42 ||    97
         Constrict         |    19 |     9 ||    28
         Tentacles         |    11 |    11 ||    22
         Kick              |     4 |    10 ||    14
         Punch             |     2 |     4 ||     6
         Rapier            |       |    15 ||    15
   Cast: Beastly Appendage |     5 |     9 ||    14
    Use: Scroll            |     1 |    11 ||    12
         Potion            |       |     1 ||     1
   Stab: Sleeping          |     5 |     5 ||    10
 Armour: Skin              |     7 |     4 ||    11
  Dodge: Dodged            |    51 |    39 ||    90
  Block: Kite shield       |       |    18 ||    18

Table legend: (Time is in decaauts)
 A = Elapsed time spent in this place.
 B = Non-inter-level travel time spent in this place.
 C = Inter-level travel time spent in this place.
 D = Time resting spent in this place.
 E = Time spent auto-exploring this place.
 F = Levels seen in this place.
 G = Mean time per level.
                   A        B        C        D        E       F      G
               +--------+--------+--------+--------+--------+-----+--------+
         Total |   2529 |   2438 |     91 |    248 |   1673 |   4 |  632.2 |
       Dungeon |   2529 |   2438 |     91 |    248 |   1673 |   4 |  632.2 |
               +--------+--------+--------+--------+--------+-----+--------+

Top non-repeatable levels by time:
     D:2: 1010 daAuts
     D:3: 714 daAuts
     D:1: 604 daAuts
     D:4: 200 daAuts
